 Dungeon Crawl Stone Soup version 0.17.0-24-gcfadda4 (webtiles) character file.

14 BLOAX the Ducker (level 2, -1/18 HPs)
             Began as a Deep Elf Monk on Nov 15, 2015.
             Slain by an adder (5 damage)
             ... on level 2 of the Dungeon.
             The game lasted 00:01:25 (852 turns).

BLOAX the Ducker (Deep Elf Monk)                     Turns: 852, Time: 00:01:25

Health: -1/18      AC:  2    Str:  8    XL:     2   Next: 31%
Magic:  4/4        EV: 14    Int: 14    God:
Gold:   9          SH:  0    Dex: 17    Spells: 0 memorised, 1 level left

rFire  . . .     SeeInvis .       - Unarmed
rCold  . . .     Clarity  .     a - +0 robe
rNeg   . . .     SustAt   .     (no shield)
rPois  .         Gourm    .     (no helmet)
rElec  .         Spirit   .     (no cloak)
rCorr  .         Warding  .     (no gloves)
rMut   .         Stasis   .     (no boots)
MR     .....                    (no amulet)
Stlth  ++........               (no ring)
                                (no ring)

@: lethally poisoned (-1 -> -12), not resistant to hostile enchantments,
unstealthy
A: no striking features
a: no special abilities


You were on level 2 of the Dungeon.
You were not hungry.

You visited 1 branch of the dungeon, and saw 2 of its levels.

You collected 9 gold pieces.


   Skills:
 - Level 2.4 Fighting
 + Level 4.2 Dodging
 - Level 2.4 Stealth
 + Level 3.5 Unarmed Combat


You had one spell level left.
You didn't know any spells.

Dungeon Overview and Level Annotations

Branches:
Dungeon (2/15)

Altars:

Inventory:

Armour
 a - a +0 robe (worn)
Scrolls
 c - a scroll of identify {unknown}
 f - a scroll of magic mapping {unknown}
Potions
 d - a potion of ambrosia {!q}
 e - a potion of lignification {unknown}
Comestibles
 b - 2 bread rations

#....... ...
###.#### ... #.#
#.. #.# #..
...###.#### #
#.. #.......#
.##.#..
#.##.##.#
.......#### #
#....#
#.....@S.####
#.#####.#
##.##.......#
#.......#
#.##.##.#
#######.# #.
#)##.#########.#
#.
#.##...........#
#.
#.....##########
#. ####.##
#.......#
#########


You could see an adder.


Message History

The goblin shouts!
You hit the goblin.
The goblin is moderately wounded.
The goblin hits you with a dagger.
You hit the goblin.
You kill the goblin!
f - a scroll labeled XUM BYITOKKYO
Things that are here:
a dagger; a goblin corpse An adder comes into view.
The adder misses you. The adder bites you.
An adder is nearby!
An adder is nearby!
Drink which item? (? for menu, Esc to quit)
It was a potion of ambrosia.
You are confused.
You feel invigorated. The adder misses you.
Unknown command.
Unknown command.
The adder bites you but does no damage.
You closely miss the adder. The adder closely misses you.
You hit the adder.
The adder is lightly wounded.
The adder misses you. The adder barely misses you.
You bump into the rock wall.
The adder misses you. The adder closely misses you.
The adder completely misses you.
You hit the adder.
The adder is heavily wounded.
The adder misses you. The adder completely misses you.
You bump into the rock wall.
You feel less invigorated.
You feel less confused. The adder barely misses you. x2
You closely miss the adder.
The adder is heavily wounded.
The adder closely misses you.
You closely miss the adder.
The adder is heavily wounded.
The adder bites you but does no damage.
You hit the adder but do no damage.
The adder is heavily wounded.
The adder closely misses you.
You miss the adder.
The adder is heavily wounded.
The adder bites you. The adder misses you.
You barely miss the adder.
The adder is heavily wounded.
The adder bites you.
You are poisoned.
The adder poisons you!
You miss the adder.
The adder is heavily wounded.
You feel sick. The adder barely misses you.
You barely miss the adder.
The adder is heavily wounded.
The adder bites you.
* * * LOW HITPOINT WARNING * * *
You are lethally poisoned!
The adder poisons you!
You barely miss the adder.
The adder is heavily wounded.
* * * LOW HITPOINT WARNING * * *
You feel sick. The adder closely misses you. The adder completely misses you.
You hit the adder.
The adder is severely wounded.
* * * LOW HITPOINT WARNING * * *
You feel sick. The adder bites you.
You die...

Action                   || total
-------------------------++-------
Melee: Unarmed           ||    57
  Use: Potion            ||     1
 Stab: Sleeping          ||     1

Vault maps used:
D:1:      erik_arrival_orb_chamber, minmay_misc_feat_plants

Notes
Turn   | Place    | Note
--------------------------------------------------------------
     0 | D:1      | BLOAX the Deep Elf Monk began the quest for the Orb.
     0 | D:1      | Reached XP level 1. HP: 13/13 MP: 3/3
   213 | D:2      | HP: 1/13 [hobgoblin/club (7)]
   248 | D:2      | HP: 1/13 [hobgoblin/club (1)]
   305 | D:2      | HP: 2/13 [hobgoblin/club (2)]
   306 | D:2      | Reached skill level 4 in Dodging
   369 | D:2      | HP: 2/13 [goblin (2)]
   371 | D:2      | Reached XP level 2. HP: 2/18 MP: 4/4
   852 | D:2      | HP: 4/18 [poisoned by an adder]
   852 | D:2      | Slain by an adder

Vanquished Creatures
  3 bats (D:2)
  2 hobgoblins (D:2)
  A giant newt (D:2)
  5 goblins (D:2)
  A quokka (D:2)
  2 rats (D:2)
14 creatures vanquished.

Vault maps used:
D:1:      erik_arrival_orb_chamber, minmay_misc_feat_plants
